 Dungeon Crawl Stone Soup version 0.24.0-1-gfbc8707 (webtiles) character file.

Game seed: 1493380675513294518, levelgen mode: deterministic

123 retro the Firebug (level 5, -2/42 HPs)
             Began as a Hill Orc Fire Elementalist on Nov 1, 2019.
             Slain by an orc
             ... wielding a +3 mace
              (7 damage)
             ... on level 4 of the Dungeon.
             The game lasted 00:13:12 (2868 turns).

retro the Firebug (Hill Orc Fire Elementalist)      Turns: 2868, Time: 00:13:13

Health: -2/42      AC:  2    Str: 16    XL:     5   Next: 7%
Magic:  0/8        EV: 12    Int: 16    God:
Gold:   204        SH:  0    Dex: 11    Spells: 2/8 levels left

rFire    . . .     SeeInvis .   f - +1 mace
rCold    . . .     Gourm    .   (no shield)
rNeg     . . .     Faith    .   a - +0 robe
rPois    .         Spirit   .   (no helmet)
rElec    .         Reflect  .   (no cloak)
rCorr    .         Harm     .   (no gloves)
MR       .....                  (no boots)
Stlth    ++........             (no amulet)
HPRegen  0.14/turn              (no ring)
MPRegen  0.11/turn              (no ring)

@: mighty, very slightly contaminated
A: no striking features
a: no special abilities


You were on level 4 of the Dungeon.
You were very hungry.

You visited 1 branch of the dungeon, and saw 5 of its levels.

You collected 204 gold pieces.

Inventory:

Hand Weapons
 f - a +1 mace (weapon)
Armour
 a - a +0 robe (worn)
Scrolls
 b - a scroll of enchant weapon
 h - 3 scrolls of teleportation
 i - 4 scrolls of identify
 j - a scroll of remove curse
 k - 3 scrolls of fear
 m - a scroll of random uselessness {unknown}
Potions
 d - a potion of might
 e - a potion of brilliance
 g - a potion of haste {unknown}
 l - 2 potions of flight {unknown}
 n - a potion of curing {unknown}
Comestibles
 c - 7 rations


   Skills:
 + Level 2.5 Fighting
 + Level 0.4 Armour
 - Level 2.0 Dodging
 - Level 2.0 Stealth
 + Level 2.3 Spellcasting
 + Level 2.4 Conjurations
 + Level 3.4 Fire Magic


You had 2 spell levels left.
You knew the following spells:

 Your Spells              Type           Power        Failure   Level  Hunger
a - Flame Tongue          Conj/Fire      ##...        6%          1    #......
b - Throw Flame           Conj/Fire      ##....       9%          2    ###....
c - Conjure Flame         Conj/Fire      ##......     19%         3    ###....

Your spell library contained the following spells:

 Spells                   Type           Power        Failure   Level  Hunger
 Inner Flame              Hex/Fire       #.......     30%         3    ###....
 Sticky Flame             Conj/Fire      ##......     52%         4    #####..
 Fireball                 Conj/Fire      ##........   86%         5    ######.


Dungeon Overview and Level Annotations

Branches:
Dungeon (5/15)
 Temple: D:4-7

Altars:
Ashenzari
Hepliaklqana


Message History

The orc barely misses you. The orc hits you but does no damage.
You barely miss the orc.
The orc is almost dead.
The orc barely misses you. The orc hits you but does no damage. x2
Casting: Flame Tongue (safe; 6% risk of failure)
Confirm with . or Enter, or press ? or * to list all spells.
Aiming: Flame Tongue (safe; 6% risk of failure)
Press: ? - help, Shift-Dir - straight line, f/p - orc
Aim: an orc, wielding a +3 mace and wearing a +0 ring mail (almost dead)
You miscast Flame Tongue.
Nothing appears to happen.
The orc hits you with a +0 hand axe. x2
* * * LOW HITPOINT WARNING * * *
The orc hits you with a +3 mace.
* * * LOW HITPOINT WARNING * * *
It was a potion of might.
You feel very mighty all of a sudden. The orc misses you.
The orc hits you with a +0 hand axe.
* * * LOW HITPOINT WARNING * * *
The orc hits you with a +3 mace!
You die...

##+#
##...#
##....o##
#.....o@#
......o..#
.........+
.........#
#.......##
##.....##
##...#
##+#


You could see 3 orcs.

Vanquished Creatures
  An orc wizard (D:3)
  Robin (D:3)
  A gnoll (D:1)
  2 oozes
  2 worms (D:2)
  2 leopard geckos
  3 orcs
  4 giant cockroaches
  7 goblins
  3 hobgoblins
  9 jackals (D:2)
  11 kobolds
  A ball python (D:5)
  2 bats
  2 frilled lizards
  4 rats
55 creatures vanquished.

Notes
Turn   | Place    | Note
-------+----------+-------------------------------------------
     0 | D:1      | retro the Hill Orc Fire Elementalist began the quest for
                  | the Orb.
     0 | D:1      | Reached XP level 1. HP: 14/14 MP: 3/3
   249 | D:1      | Reached XP level 2. HP: 12/22 MP: 1/4
   255 | D:1      | Learned a level 2 spell: Throw Flame
   503 | D:1      | Reached skill level 1 in Fighting
   675 | D:1      | Reached XP level 3. HP: 11/28 MP: 0/5
  1831 | D:2      | Reached XP level 4. HP: 36/36 MP: 7/7
  2102 | D:3      | Found a shattered altar of Ashenzari.
  2281 | D:3      | Found a faded altar of an unknown god.
  2304 | D:3      | Found a hazy altar of Hepliaklqana.
  2437 | D:3      | Noticed Robin
  2456 | D:3      | Killed Robin
  2456 | D:3      | Reached XP level 5. HP: 14/42 MP: 0/8
  2835 | D:4      | Learned a level 3 spell: Conjure Flame
  2839 | D:5      | Entered Level 5 of the Dungeon
  2868 | D:4      | Slain by an orc

Levels and vault maps discovered:
D:1:      psy_arrival_whirlpool, layout_basic
D:2:      layout_loops_cross
D:3:      layout_basic, nicolae_ashenzari_panopticon,
          nicolae_overflow_crystal_walls, first_ration,
          chequers_ecumenical_altar_twisty, uniq_robin
D:4:      layout_loops_corners, grunt_qazlal_sundering,
          kennysheep_pointless_box, uniq_edmund, uniq_grinder
D:5:      layout_layer_cave, nicolae_gozag_cash_rules_everything_around_me,
          minmay_tree_intersection, chequers_serial_rivers_room_b, uniq_ijyb

Skill      XL: |  1  2  3  4 |
---------------+-------------+-----
Fighting       | 1 2 |  2.5
Stealth        | 2 |  2.0
Dodging        | 2 |  2.0
Spellcasting   | 2 |  2.3
Conjurations   | 2 |  2.4
Armour         | |  0.4
Fire Magic     | |  3.4

Action                   |  1- 3 |  4- 6 || total
-------------------------+-------+-------++-------
Melee: Unarmed           |     6 |       ||     6
       Mace              |   104 |    31 ||   135
 Cast: Flame Tongue      |    52 |    27 ||    79
       Throw Flame       |       |     1 ||     1
  Use: Scroll            |     6 |       ||     6
       Potion            |     1 |     1 ||     2
 Stab: Sleeping          |     3 |     1 ||     4
  Eat: Chunk             |     4 |     3 ||     7
Armor: Robe              |    36 |     8 ||    44
Dodge: Dodged            |   120 |    40 ||   160
